PAA
ATLANTIC CITY SONICS @ MINNESOTA LOONS
07/14/2033
 
TOP OF THE 1ST
Atlantic City Sonics batting - Pitching for Minnesota Loons : RHP Melchor Morse
Pitching: RHP Melchor Morse
Batting: LHB Xuan-ling Liao 0-0: SINGLE (Groundball, 3D)
Batting: RHB Mike Pate 0-0: Called Strike
0-1: Ball
1-1: Foul Ball, location: 2F
1-2: Strikes out swinging
Batting: LHB Bryce Abood 0-0: Ball
1-0: Foul Ball, location: 2F
1-1: Ball
2-1: Foul Ball, location: 2F
2-2: Strikes out swinging
Batting: RHB Jeff Quesenberry 0-0: Foul Ball, location: 2F
0-1: Called Strike
0-2: Ball
1-2: Ball
2-2: Foul Ball, location: 2F
2-2: Foul Ball, location: 2F
2-2: Foul Ball, location: 2F
2-2: Ball
3-2: Foul Ball, location: 2F
3-2: Foul Ball, location: 2F
3-2: Ground out 5-3 (Groundball, 5)
Top of the 1st over - 0 runs, 1 hit, 0 errors, 1 left on base; Atlantic City 0 - Minnesota 0
BOTTOM OF THE 1ST
Minnesota Loons batting - Pitching for Atlantic City Sonics : LHP Joaquín Pérez
Pitching: LHP Joaquín Pérez
Batting: RHB Jimmy Fick 0-0: Ground out 6-3 (Groundball, 6)
Batting: RHB Héctor Espiga 0-0: Called Strike
0-1: SINGLE (Flyball, 89M)
Batting: RHB Augusto Manuel 0-0: Called Strike
0-1: 2-RUN HOME RUN (Flyball, 7LD), Distance : 345 ft
Batting: RHB Ramón Yniguez 0-0: Ball
1-0: Swinging Strike
1-1: Foul Ball, location: 2F
1-2: Ball
2-2: Ground out U3 (Groundball, 34)
Batting: LHB Xuan-ling Chen 0-0: Foul Ball, location: 2F
0-1: SINGLE (Groundball, 34D)
Batting: SHB Raúl Mateo 0-0: Foul Ball, location: 2F
0-1: Ball
1-1: Swinging Strike
1-2: Reached on error, E4 (Groundball, 34)
Xuan-ling Chen to second
Batting: RHB Dave Sosa 0-0: Ball
1-0: Swinging Strike
1-1: Ball
Wild Pitch!
Xuan-ling Chen to third
Raúl Mateo to second
2-1: Swinging Strike
2-2: Ball
3-2: Ground out 5-3 (Groundball, 56)
Bottom of the 1st over - 2 runs, 3 hits, 1 error, 2 left on base; Atlantic City 0 - Minnesota 2
TOP OF THE 2ND
Atlantic City Sonics batting - Pitching for Minnesota Loons : RHP Melchor Morse
Batting: RHB Alejandro Sánchez 0-0: Ball
1-0: Swinging Strike
1-1: Ball
2-1: Swinging Strike
2-2: Fly out, F7 (Flyball, 78M)
Batting: RHB Gary Jenkins 0-0: Ball
1-0: Bunt for hit - play at first, batter safe!
Batting: RHB Dam Son 0-0: Called Strike
0-1: Fly out, F5 (Popup, 5L)
Batting: RHB Guillermo Mata 0-0: Ball
1-0: Ball
2-0: Swinging Strike
2-1: Called Strike
2-2: Strikes out swinging
Top of the 2nd over - 0 runs, 1 hit, 0 errors, 1 left on base; Atlantic City 0 - Minnesota 2
BOTTOM OF THE 2ND
Minnesota Loons batting - Pitching for Atlantic City Sonics : LHP Joaquín Pérez
Batting: RHB Tabor Muzquiz 0-0: Ball
1-0: Foul Ball, location: 2F
1-1: Ball
2-1: Ball
3-1: Base on Balls
Batting: LHB Bill Bean 0-0: Ball
1-0: Foul Ball, location: 2F
1-1: Ball
2-1: Swinging Strike
2-2: Strikes out swinging
Batting: RHB Jimmy Fick 0-0: Foul Ball, location: 2F
0-1: Foul Ball, location: 2F
0-2: Hit by Pitch
Tabor Muzquiz to second
Batting: RHB Héctor Espiga 0-0: Swinging Strike
0-1: Ball
1-1: Fly out, F7 (Flyball, 7S)
Batting: RHB Augusto Manuel 0-0: Swinging Strike
0-1: Ball
1-1: Ball
2-1: Fly out, F9 (Flyball, 89D)
Bottom of the 2nd over - 0 runs, 0 hits, 0 errors, 2 left on base; Atlantic City 0 - Minnesota 2
TOP OF THE 3RD
Atlantic City Sonics batting - Pitching for Minnesota Loons : RHP Melchor Morse
Batting: RHB Kendrick Drumgoole 0-0: Ball
1-0: Called Strike
1-1: Ball
2-1: SINGLE (Line Drive, 4M)
Batting: LHB Xuan-ling Liao 0-0: Foul Ball, location: 2F
0-1: Ball
1-1: Foul Ball, location: 2F
1-2: Strikes out looking
Batting: RHB Mike Pate 0-0: Ball
Kendrick Drumgoole is caught stealing 2nd base
1-0: Ball
2-0: Ball
3-0: Called Strike
3-1: Base on Balls
Batting: LHB Bryce Abood 0-0: Ball
1-0: Ball
2-0: Ball
3-0: Called Strike
3-1: Ground out U3 (Groundball, 34)
Top of the 3rd over - 0 runs, 1 hit, 0 errors, 1 left on base; Atlantic City 0 - Minnesota 2
BOTTOM OF THE 3RD
Minnesota Loons batting - Pitching for Atlantic City Sonics : LHP Joaquín Pérez
Batting: RHB Ramón Yniguez 0-0: Foul Ball, location: 2F
0-1: Called Strike
0-2: Ball
1-2: Ground out 6-3 (Groundball, 6)
Batting: LHB Xuan-ling Chen 0-0: Called Strike
0-1: Foul Ball, location: 2F
0-2: Foul Ball, location: 2F
0-2: SINGLE (Groundball, 4MD)
Batting: SHB Raúl Mateo 0-0: SINGLE (Line Drive, 8LS)
Xuan-ling Chen to second
Batting: RHB Dave Sosa 0-0: Foul Ball, location: 2F
0-1: SINGLE (Groundball, 4MD)
Xuan-ling Chen to third
Raúl Mateo to second
Batting: RHB Tabor Muzquiz 0-0: Ball
1-0: Foul Ball, location: 2F
1-1: Ball
2-1: Fly out, F9 (Flyball, 9D)
Runner from 3rd tags up, OUT at HOME
Bottom of the 3rd over - 0 runs, 3 hits, 0 errors, 2 left on base; Atlantic City 0 - Minnesota 2
TOP OF THE 4TH
Atlantic City Sonics batting - Pitching for Minnesota Loons : RHP Melchor Morse
Batting: RHB Jeff Quesenberry 0-0: Ball
1-0: Ball
2-0: Ball
3-0: Called Strike
3-1: Foul Ball, location: 2F
3-2: Strikes out swinging
Batting: RHB Alejandro Sánchez 0-0: Called Strike
0-1: Ball
1-1: Ground out 6-3 (Groundball, 6)
Batting: RHB Gary Jenkins 0-0: Bunt missed!
0-1: Ball
1-1: Fly out, F7 (Flyball, 78D)
Top of the 4th over - 0 runs, 0 hits, 0 errors, 0 left on base; Atlantic City 0 - Minnesota 2
BOTTOM OF THE 4TH
Minnesota Loons batting - Pitching for Atlantic City Sonics : LHP Joaquín Pérez
Batting: LHB Bill Bean 0-0: Ball
1-0: Called Strike
1-1: Fly out, F7 (Flyball, 7S)
Batting: RHB Jimmy Fick 0-0: SINGLE (Groundball, 6MD)
Batting: RHB Héctor Espiga 0-0: Called Strike
0-1: Ball
1-1: Grounds into double play, 6-4-3 (Groundball, 6)
Bottom of the 4th over - 0 runs, 1 hit, 0 errors, 0 left on base; Atlantic City 0 - Minnesota 2
TOP OF THE 5TH
Atlantic City Sonics batting - Pitching for Minnesota Loons : RHP Melchor Morse
Batting: RHB Dam Son 0-0: Ball
1-0: Called Strike
1-1: Ground out 6-3 (Groundball, 6)
Batting: RHB Guillermo Mata 0-0: Swinging Strike
0-1: Foul Ball, location: 2F
0-2: Strikes out swinging
Batting: RHB Kendrick Drumgoole 0-0: Ball
1-0: Fly out, F7 (Flyball, 78D)
Top of the 5th over - 0 runs, 0 hits, 0 errors, 0 left on base; Atlantic City 0 - Minnesota 2
BOTTOM OF THE 5TH
Minnesota Loons batting - Pitching for Atlantic City Sonics : LHP Joaquín Pérez
Batting: RHB Augusto Manuel 0-0: Ball
1-0: Ball
2-0: Ball
3-0: Called Strike
3-1: Fly out, F7 (Flyball, 78D)
Batting: RHB Ramón Yniguez 0-0: Ball
1-0: Foul Ball, location: 2F
1-1: Foul Ball, location: 2F
1-2: Foul Ball, location: 2F
1-2: Hit by Pitch
Batting: LHB Xuan-ling Chen 0-0: Ball
1-0: Foul Ball, location: 2F
1-1: Foul Ball, location: 2F
1-2: Ball
2-2: Strikes out swinging
Batting: SHB Raúl Mateo 0-0: Ball
1-0: Called Strike
1-1: Fly out, F8 (Flyball, 8LM)
Bottom of the 5th over - 0 runs, 0 hits, 0 errors, 1 left on base; Atlantic City 0 - Minnesota 2
TOP OF THE 6TH
Atlantic City Sonics batting - Pitching for Minnesota Loons : RHP Melchor Morse
Batting: LHB Xuan-ling Liao 0-0: Foul Ball, location: 2F
0-1: Called Strike
0-2: Foul Ball, location: 2F
0-2: Ball
1-2: Ball
2-2: Ball
3-2: Hit by Pitch
Pinch Runner at 1st Toyozo Yamasaki:
Batting: RHB Mike Pate 0-0: Ball
Toyozo Yamasaki is caught stealing 2nd base
1-0: Fly out, F3 (Line Drive, 34)
Batting: LHB Bryce Abood 0-0: Called Strike
0-1: Ball
1-1: Ball
2-1: Foul Ball, location: 2F
2-2: Ball
3-2: Ground out 4-3 (Groundball, 4)
Top of the 6th over - 0 runs, 0 hits, 0 errors, 0 left on base; Atlantic City 0 - Minnesota 2
BOTTOM OF THE 6TH
Minnesota Loons batting - Pitching for Atlantic City Sonics : LHP Joaquín Pérez
Now at 2B: Toyozo Yamasaki
Batting: RHB Dave Sosa 0-0: Ball
1-0: Ball
2-0: Swinging Strike
2-1: Ball
3-1: Base on Balls
Batting: RHB Tabor Muzquiz 0-0: Ball
1-0: Sac Bunt - play at first, batter OUT! 2-4
Dave Sosa to second
Batting: LHB Bill Bean 0-0: Swinging Strike
0-1: Called Strike
0-2: Ball
1-2: Ball
2-2: Ball
3-2: Strikes out swinging
Batting: RHB Jimmy Fick 0-0: Ball
1-0: Foul Ball, location: 2F
1-1: Ground out 5-3 (Groundball, 5L)
Bottom of the 6th over - 0 runs, 0 hits, 0 errors, 1 left on base; Atlantic City 0 - Minnesota 2
TOP OF THE 7TH
Atlantic City Sonics batting - Pitching for Minnesota Loons : RHP Melchor Morse
Batting: RHB Jeff Quesenberry 0-0: Foul Ball, location: 2F
0-1: Ball
1-1: Ground out 6-3 (Groundball, 6)
Batting: RHB Alejandro Sánchez 0-0: Fly out, F8 (Flyball, 8RM)
Batting: RHB Gary Jenkins 0-0: Called Strike
0-1: SINGLE (Groundball, 56D)
Batting: RHB Dam Son 0-0: Foul Ball, location: 2F
0-1: Foul Ball, location: 2F
0-2: Ball
1-2: Fielders Choice at 2nd, 6-4 (Groundball, 6)
Top of the 7th over - 0 runs, 1 hit, 0 errors, 1 left on base; Atlantic City 0 - Minnesota 2
BOTTOM OF THE 7TH
Minnesota Loons batting - Pitching for Atlantic City Sonics : LHP Joaquín Pérez
Batting: RHB Héctor Espiga 0-0: Foul Ball, location: 2F
0-1: Called Strike
0-2: Strikes out swinging
Batting: RHB Augusto Manuel 0-0: Ball
1-0: Ball
2-0: Called Strike
2-1: Fly out, F6 (Line Drive, 6)
Batting: RHB Ramón Yniguez 0-0: Ball
1-0: SINGLE (Line Drive, 89M)
Pitching: LHP Doppo Omikado
Batting: LHB Xuan-ling Chen 0-0: Fielders Choice at 2nd, 6-4 (Groundball, 6)
Bottom of the 7th over - 0 runs, 1 hit, 0 errors, 1 left on base; Atlantic City 0 - Minnesota 2
TOP OF THE 8TH
Atlantic City Sonics batting - Pitching for Minnesota Loons : RHP Melchor Morse
Batting: RHB Guillermo Mata 0-0: Called Strike
0-1: Ball
1-1: Ball
2-1: Ball
3-1: Base on Balls
Pitching: RHP Ainanani Oliwa
Batting: RHB Kendrick Drumgoole 0-0: Called Strike
0-1: Ball
1-1: Foul Ball, location: 2F
1-2: Ball
2-2: Ball
3-2: Foul Ball, location: 2F
3-2: Reached on error, E1 (Groundball, 15S)
Guillermo Mata to second
Batting: RHB Toyozo Yamasaki 0-0: Ball
1-0: Sac Bunt - play at first, batter OUT! 3-4
Guillermo Mata to third
Kendrick Drumgoole to second
Batting: RHB Mike Pate 0-0: Ball
1-0: Called Strike
1-1: Called Strike
1-2: Ball
2-2: Ball
3-2: Foul Ball, location: 2F
3-2: Fly out, F9 (Flyball, 9S)
Batting: LHB Bryce Abood 0-0: Ball
1-0: Called Strike
1-1: Ball
2-1: Fly out, F9 (Flyball, 9D)
Top of the 8th over - 0 runs, 0 hits, 1 error, 2 left on base; Atlantic City 0 - Minnesota 2
BOTTOM OF THE 8TH
Minnesota Loons batting - Pitching for Atlantic City Sonics : LHP Doppo Omikado
Batting: SHB Raúl Mateo 0-0: Fly out, F8 (Flyball, 8LD)
Batting: RHB Dave Sosa 0-0: Swinging Strike
0-1: Called Strike
0-2: Reached on error, E3 (Groundball, 34)
Batting: RHB Tabor Muzquiz 0-0: Called Strike
0-1: Foul Ball, location: 2F
0-2: Ball
1-2: Strikes out swinging
Batting: LHB Bill Bean 0-0: Called Strike
0-1: 2-RUN HOME RUN (Flyball, 9LD), Distance : 361 ft
Batting: RHB Jimmy Fick 0-0: Ball
1-0: Foul Ball, location: 2F
1-1: Swinging Strike
1-2: SINGLE (Line Drive, 4D)
Pitching: LHP Todd Howell
Batting: RHB Héctor Espiga 0-0: Swinging Strike
0-1: Ball
1-1: Called Strike
1-2: Ball
Jimmy Fick steals 2nd base
2-2: Strikes out swinging
Bottom of the 8th over - 2 runs, 2 hits, 1 error, 1 left on base; Atlantic City 0 - Minnesota 4
TOP OF THE 9TH
Atlantic City Sonics batting - Pitching for Minnesota Loons : RHP Ainanani Oliwa
Batting: RHB Jeff Quesenberry 0-0: Ball
1-0: Swinging Strike
1-1: Fly out, F7 (Flyball, 7LSF)
Batting: RHB Alejandro Sánchez 0-0: SINGLE (Groundball, 34D)
Batting: RHB Gary Jenkins 0-0: Called Strike
0-1: Ball
1-1: SINGLE (Line Drive, 9S)
Alejandro Sánchez to second
Batting: RHB Dam Son 0-0: Swinging Strike
0-1: Ground out 5-3 (Groundball, 56S)
Alejandro Sánchez to third
Gary Jenkins to second
Batting: RHB Guillermo Mata 0-0: Ball
1-0: Called Strike
1-1: Ball
2-1: SINGLE (Line Drive, 7S)
Alejandro Sánchez scores
Gary Jenkins to third
Pinch Hitting: SHB Curt Pack 0-0: Ball
1-0: Ball
2-0: Ball
3-0: Base on Balls
Guillermo Mata to second
Pinch Hitting: RHB John Willoughby 0-0: Ball
1-0: Called Strike
1-1: Ball
2-1: Fly out, F7 (Flyball, 7)
Top of the 9th over - 1 run, 3 hits, 0 errors, 3 left on base; Atlantic City 1 - Minnesota 4
Saturday, December 22nd, 2018 - OOTP Baseball 18.8 Build 76